 Dungeon Crawl Stone Soup version 0.26-a0-753-g4680b4fa2e (webtiles) character file.

Game seed: 7918280335301423579

82 2tc the Slasher (level 4, -1/33 HPs)
             Began as a Demonspawn Gladiator on Nov 7, 2020.
             Slain by a goblin
             ... wielding a +0 club
             ... led by Robin
              (3 damage)
             ... on level 3 of the Dungeon.
             The game lasted 00:07:04 (2168 turns).

2tc the Slasher (Demonspawn Gladiator)              Turns: 2168, Time: 00:07:05

Health: -1/33      AC:  3    Str: 15    XL:     4   Next: 21%
Magic:  4/4        EV: 13    Int: 10    God:
Gold:   143        SH:  0    Dex: 14    Spells: 3/3 levels left

rFire    . . .     SeeInvis .   a - +0 long sword
rCold    . . .     Faith    .   (no shield)
rNeg     . . .     Spirit   .   b - +0 leather armour
rPois    .         Reflect  .   (helmet restricted)
rElec    .         Harm     .   (no cloak)
rCorr    .         Rampage  .   (no gloves)
MR       .....                  (no boots)
Stlth    +.........             (no amulet)
HPRegen  0.11/turn              (no ring)
MPRegen  0.09/turn              (no ring)

@: no status effects
A: horns 1, powered by death 1, sturdy frame 1
a: no special abilities


You were on level 3 of the Dungeon.
You visited 1 branch of the dungeon, and saw 3 of its levels.

You collected 143 gold pieces.

Inventory:

Hand Weapons
 a - a +0 long sword (weapon)
Missiles
 d - 3 throwing nets (quivered)
Armour
 b - a +0 leather armour (worn)
Scrolls
 c - a scroll of teleportation
 f - a scroll of remove curse
Potions
 h - 3 potions of brilliance


   Skills:
 - Level 2.0 Fighting
 * Level 4.6 Long Blades
 - Level 1.7 Throwing
 - Level 2.6 Dodging


You had 3 spell levels left.
You didn't know any spells.
Your spell library was empty.

Dungeon Overview and Level Annotations

Branches:
Dungeon (3/15)

Altars:
Qazlal

Annotations:
D:2 1 runed translucent door, Crazy Yiuf
D:3 Robin


Innate Abilities, Weirdness & Mutations

You have a pair of small horns on your head.
You regenerate a little health from kills.
Your movements are slightly less encumbered by armour. (ER -2)


Message History

The goblin is severely wounded.
The goblin misses you.
Robin's horned helmet rattles.
Robin misses you. The goblin misses you.
You hit Robin.
Robin is heavily wounded.
The goblin hits you with a +0 club.
* * * LOW HITPOINT WARNING * * *
Robin says, "Feeling lonely?"
Robin hits you with a +0 spear.
* * * LOW HITPOINT WARNING * * *
The goblin hits you with a +0 club.
* * * LOW HITPOINT WARNING * * *
The goblin misses you. Robin hits you with a +0 spear.
* * * LOW HITPOINT WARNING * * *
You hit Robin.
Robin is severely wounded.
The goblin hits you but does no damage. Robin barely misses you.
The goblin hits you with a +0 club.
You die...

##...##. #.....#. #.......
##.....#.######## ##
#................ ..#
...#...#####.#### ###.#.#
............†.[.# #...#.#
.....$g#....###g####...#.#
##.(##.#........@g.'...#.#
#. #........)#g####...#.#
# #........>..#......#.#
#...........#.##...#.#
#...........#........#
#...........######.###
#..........# #.#
#..........# #.#
###+##+#.#.# #.#


You could see Robin and 2 goblins.

Vanquished Creatures
  2 oozes
  A dart slug (D:2)
  3 leopard geckos
  An orc (D:3)
  A ball python (D:1)
  6 bats
  4 giant cockroaches
  16 goblins
  4 hobgoblins
  7 jackals
  7 frilled lizards
  3 kobolds
  4 rats
59 creatures vanquished.

Notes
Turn   | Place    | Note
-------+----------+-------------------------------------------
     0 | D:1      | 2tc the Demonspawn Gladiator began the quest for the Orb.
     0 | D:1      | Reached XP level 1. HP: 16/16 MP: 1/1
   124 | D:1      | Reached skill level 3 in Long Blades
   175 | D:1      | Gained mutation: You regenerate a little health from kills.
                  | [demonic ancestry]
   175 | D:1      | Reached XP level 2. HP: 10/22 MP: 2/2
  1031 | D:1      | Gained mutation: You have a pair of small horns on your
                  | head. [demonic ancestry]
  1031 | D:1      | Reached XP level 3. HP: 27/27 MP: 3/3
  1287 | D:1      | Reached skill level 4 in Long Blades
  1445 | D:2      | Found a runed translucent door.
  1446 | D:2      | Noticed Crazy Yiuf
  2032 | D:3      | Found a stormy altar of Qazlal.
  2078 | D:3      | Gained mutation: Your movements are slightly less
                  | encumbered by armour. (ER -2) [demonic ancestry]
  2078 | D:3      | Reached XP level 4. HP: 31/33 MP: 4/4
  2127 | D:3      | Noticed Robin
  2168 | D:3      | Slain by a goblin

Illustrated notes

Levels and vault maps discovered:
D:1:      psy_arrival_wood_between_worlds, layout_basic
D:2:      layout_rooms, uniq_crazy_yiuf_cottage
D:3:      layout_basic, marbit_many_paths, old_standard_altar,
          nicolae_ru_awakened_eye, uniq_robin

Skill      XL: |  1  2  3 |
---------------+----------+-----
Long Blades    | 3 4 |  4.6
Fighting       | |  2.0
Throwing       | |  1.7
Dodging        | |  2.6

Action                   |  1- 3 |  4- 6 || total
-------------------------+-------+-------++-------
Melee: Long sword        |   110 |    27 ||   137
       Headbutt          |    14 |     2 ||    16
  Use: Scroll            |     6 |       ||     6
       Potion            |       |     1 ||     1
 Stab: Sleeping          |     1 |       ||     1
Armor: Leather armour    |    40 |     5 ||    45
Dodge: Dodged            |    96 |    32 ||   128
       Rpst.: Long sword |    34 |     7 ||    41

Table legend: (Time is in decaauts)
 A = Elapsed time spent in this place.
 B = Non-inter-level travel time spent in this place.
 C = Inter-level travel time spent in this place.
 D = Time resting spent in this place.
 E = Time spent auto-exploring this place.
 F = Levels seen in this place.
 G = Mean time per level.
                   A        B        C        D        E       F      G
               +--------+--------+--------+--------+--------+-----+--------+
         Total |   2198 |   2151 |     47 |    476 |   1298 |   3 |  732.7 |
       Dungeon |   2198 |   2151 |     47 |    476 |   1298 |   3 |  732.7 |
               +--------+--------+--------+--------+--------+-----+--------+

Top non-repeatable levels by time:
     D:1: 1388 daAuts
     D:3: 411 daAuts
     D:2: 398 daAuts
